 Dungeon Crawl Stone Soup version bcrawl-1.28 (webtiles) character file.

Game seed: 15038000740801835152

107419 pasperui the Sneak (level 3, -1/32 HPs)
             Began as a Naga Sloth Apostle on Dec 10, 2020.
             Was a Follower of Cheibriados.
             Killed from afar by a crimson imp (11 damage)
             ... with a flame tongue
             ... on level 3 of the Dungeon.
             The game lasted 00:04:35 (1687 turns).

pasperui the Sneak (Naga Sloth Apostle)             Turns: 1687, Time: 00:04:35

Health: -1/32      AC:  2    Str: 18    XL:     3   Next: 83%
Magic:  5/5        EV:  9    Int: 15    God:    Cheibriados [*.....]
Gold:   106        SH:  0    Dex: 13    Spells: 3/4 levels left

rFire    . . .     SeeInvis +   a - +0 falchion
rCold    . . .     Gourm    .   (no shield)
rNeg     . . .     Faith    .   b - +0 robe
rPois    +         Spirit   .   (no helmet)
rElec    .         Reflect  .   (no cloak)
rCorr    .         Harm     .   (no gloves)
MR       .....                  (no barding)
Stlth    +++.......             (no amulet)
HPRegen  0.10/turn              (no ring)
MPRegen  0.09/turn              (no ring)

@: very slow
A: large, see invisible, deformed body, poison resistance, slowness 2, slow
metabolism 1, spit poison 1, AC +1
a: Spit Poison, Bend Time, Renounce Religion


You were on level 3 of the Dungeon.
You worshipped Cheibriados.
Cheibriados was aware of your devotion.
You were hungry.

You visited 1 branch of the dungeon, and saw 3 of its levels.

You collected 106 gold pieces.

Inventory:

Hand Weapons
 a - a +0 falchion (weapon)
Missiles
 j - 281 stones (quivered)
 k - 299 arrows
 m - 26 poisoned needles
 n - 259 bolts
 s - 191 sling bullets
Armour
 b - a +0 robe (worn)
 c - a +0 medium shield
 o - a +0 pair of boots
Wands
 d - a wand of paralysis (10)
Scrolls
 p - a scroll of enchant weapon {unknown}
 q - a scroll of immolation {unknown}
 r - a scroll of identify
 u - a scroll of remove curse {unknown}
Potions
 f - 2 potions of degeneration {unknown}
 g - a potion of lignification {unknown}
 h - a potion of magic {unknown}
 i - a potion of invisibility {unknown}
 l - 2 potions of flight {unknown}
Comestibles
 e - a ration {!d}
 t - a chunk of flesh


   Skills:
 - Level 2.1 Fighting
 * Level 2.7 Long Blades
 - Level 0.4 Dodging
 - Level 5.7 Stealth
 - Level 1.7 Shields
 - Level 1.4 Spellcasting
 - Level 1.0 Hexes
 - Level 1.1 Evocations


You had 3 spell levels left.
You knew the following spells:

 Your Spells              Type           Power        Failure   Level  Hunger
a - Slow                  Hex            #.......     16%         1    None
Your spell library was empty.

Dungeon Overview and Level Annotations

Branches:
Dungeon (3/12)

Altars:
Cheibriados
Dithmenos
Elyvilon
Vehumet


Innate Abilities, Weirdness & Mutations

You cannot wear boots.
Your serpentine skin is tough. (AC +1)
You have supernaturally acute eyesight. (SInv)
Armour fits poorly on your strangely shaped body.
Your system is resistant to poisons. (rPois)
You cover ground very slowly.
You have a slow metabolism.
You can spit poison.


Message History

The crimson imp breathes fire at you. The flame tongue hits you!
You closely miss the crimson imp.
The crimson imp hits you but does no damage.
You closely miss the crimson imp. The crimson imp closely misses you.
You closely miss the crimson imp. The crimson imp hits you.
The crimson imp blinks!
The dart slug barely misses you. x2
You are feeling hungry.
You slash the dart slug!
The dart slug is almost dead.
The dart slug launches a dart at you. The slug dart hits you.
You hit the dart slug.
You kill the dart slug!
Cheibriados appreciates the change of pace.
The crimson imp hits you. The crimson imp breathes fire at you.
The flame tongue hits you!
You die...

### ..# #######
...# ....... ...+
#...... ...
#....%.####.#+#
+....).'.@5.#.#
#......##.#...#.#
.....w. #.#...#.#
...(... #.#...#.#
+###### #.#.#.#.#
#'#.#...#
#.......#
#.......#
#....<..#


You could see a crimson imp.

Vanquished Creatures
  An ooze (D:1)
  2 dart slugs
  2 leopard geckos
  An orc (D:2)
  2 giant cockroaches
  6 goblins (D:1)
  5 hobgoblins
  7 kobolds
  A quokka (D:2)
  4 bats
  3 frilled lizards
  4 rats
38 creatures vanquished.

Notes
Turn   | Place    | Note
-------+----------+-------------------------------------------
     0 | D:1      | pasperui the Naga Sloth Apostle began the quest for the
                  | Orb.
     0 | D:1      | Reached XP level 1. HP: 19/19 MP: 2/2
    34 | D:1      | Reached skill level 5 in Stealth
   141 | D:1      | Reached XP level 2. HP: 18/26 MP: 3/3
   266 | D:1      | Reached XP level 3. HP: 4/32 MP: 5/5
   736 | D:1      | Reached * piety under Cheibriados
  1428 | D:2      | Found a radiant altar of Vehumet.
  1663 | D:3      | Found a shadowy altar of Dithmenos.
  1663 | D:3      | Found a white marble altar of Elyvilon.
  1668 | D:3      | Found a snail-covered altar of Cheibriados.
  1687 | D:3      | Killed from afar by a crimson imp

Skill      XL: |  1 |
---------------+----+-----
Stealth        | 5 |  5.7
Fighting       | |  2.1
Long Blades    | |  2.7
Dodging        | |  0.4
Shields        | |  1.7
Spellcasting   | |  1.4
Hexes          | |  1.0
Evocations     | |  1.1

Action                   || total
-------------------------++-------
Melee: Falchion          ||   111
 Cast: Slow              ||     1
 Abil: Spit Poison       ||    11
 Stab: Sleeping          ||     2
  Eat: Chunk             ||     4
Armor: Robe              ||    23
Dodge: Dodged            ||    56
